SNL (28 & UNDER)
WEST PALM REDS @ MONTGOMERY BISCUITS
05/03/2023
 
TOP OF THE 1ST
West Palm Reds batting - Pitching for Montgomery Biscuits : RHP Mitch Brown
Pitching: RHP Mitch Brown
Batting: RHB Lorenzo Guzmán 0-0: Called Strike
0-1: Ball
1-1: Swinging Strike
1-2: Ball
2-2: SOLO HOME RUN (Flyball, 8LXD), Distance : 415 ft
Batting: RHB Juan Vareas 0-0: Ball
1-0: Ground out U3 (Groundball, 3)
Batting: LHB Jeff McKinney 0-0: Ball
1-0: Called Strike
1-1: Ground out 4-3 (Groundball, 4)
Batting: SHB Todd Smith 0-0: Ball
1-0: Ball
2-0: Ball
3-0: Called Strike
3-1: Base on Balls
Batting: RHB Jack Ray 0-0: SINGLE (Line Drive, 89M)
Todd Smith to second
Runner from 2nd tries for 3rd, SAFE, throw made to third
Batting: LHB Jeff Doss 0-0: Fly out, F8 (Flyball, 8LXD)
Top of the 1st over - 1 run(s), 2 hit(s), 0 error(s), 2 left on base; West Palm 1 - Montgomery 0
BOTTOM OF THE 1ST
Montgomery Biscuits batting - Pitching for West Palm Reds : RHP Manabu Mizuno
Pitching: RHP Manabu Mizuno
Batting: RHB Gabriel Miranda 0-0: Called Strike
0-1: Ground out 6-3 (Groundball, 6)
Batting: RHB Orlando Sánchez 0-0: Ball
1-0: Called Strike
1-1: Ball
2-1: Ground out 1-3 (Groundball, 13S)
Batting: LHB Ben Kelley 0-0: Ball
1-0: Fly out, F2 (Popup, 23F)
Bottom of the 1st over - 0 run(s), 0 hit(s), 0 error(s), 0 left on base; West Palm 1 - Montgomery 0
TOP OF THE 2ND
West Palm Reds batting - Pitching for Montgomery Biscuits : RHP Mitch Brown
Batting: LHB Ezechiele Bruno 0-0: Ball
1-0: Bunt missed!
1-1: Ball
2-1: Ball
3-1: Fly out, F7 (Popup, 5D)
Batting: LHB Bob Martin 0-0: Called Strike
0-1: Swinging Strike
0-2: Foul Ball, location: 2F
0-2: Ground out U3 (Groundball, 3L)
Batting: RHB Alejandro Martínez 0-0: Ball
1-0: Called Strike
1-1: Foul Ball, location: 2F
1-2: Ball
2-2: Strikes out swinging
Top of the 2nd over - 0 run(s), 0 hit(s), 0 error(s), 0 left on base; West Palm 1 - Montgomery 0
BOTTOM OF THE 2ND
Montgomery Biscuits batting - Pitching for West Palm Reds : RHP Manabu Mizuno
Batting: RHB Jean-Paul St-Pierre 0-0: Swinging Strike
0-1: Called Strike
0-2: Ball
1-2: Foul Ball, location: 2F
1-2: Ground out 6-3 (Groundball, 6)
Batting: RHB Vicente Carona 0-0: Ball
1-0: Ball
2-0: Swinging Strike
2-1: Ground out 4-3 (Groundball, 4)
Batting: RHB Pete Smith 0-0: Called Strike
0-1: Foul Ball, location: 2F
0-2: Ball
1-2: Foul Ball, location: 2F
1-2: Foul Ball, location: 2F
1-2: Ball
2-2: Strikes out swinging
Bottom of the 2nd over - 0 run(s), 0 hit(s), 0 error(s), 0 left on base; West Palm 1 - Montgomery 0
TOP OF THE 3RD
West Palm Reds batting - Pitching for Montgomery Biscuits : RHP Mitch Brown
Batting: RHB Lorenzo Guzmán 0-0: Ball
1-0: Swinging Strike
1-1: Foul Ball, location: 2F
1-2: Foul Ball, location: 2F
1-2: Foul Ball, location: 2F
1-2: Ball
2-2: Strikes out looking
Batting: RHB Juan Vareas 0-0: Called Strike
0-1: Foul Ball, location: 2F
0-2: Ball
1-2: Strikes out swinging
Batting: LHB Jeff McKinney 0-0: Ball
1-0: Ball
2-0: Fly out, F6 (Popup, 5D)
Top of the 3rd over - 0 run(s), 0 hit(s), 0 error(s), 0 left on base; West Palm 1 - Montgomery 0
BOTTOM OF THE 3RD
Montgomery Biscuits batting - Pitching for West Palm Reds : RHP Manabu Mizuno
Batting: SHB Andrew Curran 0-0: Ground out 2-3 (Groundball, 2L)
Batting: RHB Larry Mitchell 0-0: Foul Ball, location: 2F
0-1: Called Strike
0-2: Ball
1-2: Strikes out looking
Batting: RHB Juan Flores 0-0: Ground out 4-3 (Groundball, 4)
Bottom of the 3rd over - 0 run(s), 0 hit(s), 0 error(s), 0 left on base; West Palm 1 - Montgomery 0
TOP OF THE 4TH
West Palm Reds batting - Pitching for Montgomery Biscuits : RHP Mitch Brown
Batting: SHB Todd Smith 0-0: Ball
1-0: Called Strike
1-1: SINGLE (Flyball, 8LM)
Batting: RHB Jack Ray 0-0: Called Strike
0-1: Ball
1-1: Foul Ball, location: 2F
1-2: Fly out, F4 (Popup, 34D)
Batting: LHB Jeff Doss 0-0: Called Strike
0-1: Ball
1-1: Called Strike
1-2: Fielders Choice at 2nd, 3-6 (Groundball, 3)
Batting: LHB Ezechiele Bruno 0-0: Ball
1-0: Ball
2-0: Called Strike
2-1: Foul Ball, location: 2F
2-2: Strikes out swinging
Top of the 4th over - 0 run(s), 1 hit(s), 0 error(s), 1 left on base; West Palm 1 - Montgomery 0
BOTTOM OF THE 4TH
Montgomery Biscuits batting - Pitching for West Palm Reds : RHP Manabu Mizuno
Batting: RHB Gabriel Miranda 0-0: Called Strike
0-1: Foul Ball, location: 2F
0-2: Hit by Pitch
Batting: RHB Orlando Sánchez 0-0: Called Strike
Gabriel Miranda is caught stealing 2nd base
0-1: Ball
1-1: Foul Ball, location: 2F
1-2: Ball
2-2: Ball
3-2: Strikes out swinging
Batting: LHB Ben Kelley 0-0: SINGLE (Groundball, 4MD)
Batting: RHB Jean-Paul St-Pierre 0-0: Foul Ball, location: 2F
0-1: Foul Ball, location: 2F
0-2: Foul Ball, location: 2F
0-2: Foul Ball, location: 2F
0-2: Ball
1-2: Ball
2-2: Foul Ball, location: 2F
2-2: Fly out, F1 (Line Drive, 13)
Bottom of the 4th over - 0 run(s), 1 hit(s), 0 error(s), 1 left on base; West Palm 1 - Montgomery 0
TOP OF THE 5TH
West Palm Reds batting - Pitching for Montgomery Biscuits : RHP Mitch Brown
Batting: LHB Bob Martin 0-0: Called Strike
0-1: Called Strike
0-2: Ball
1-2: Ball
2-2: Ball
3-2: SINGLE (Line Drive, 6MD)
Batting: RHB Alejandro Martínez 0-0: Ball
Bob Martin is caught stealing 2nd base
1-0: Foul Ball, location: 2F
1-1: Fly out, F3 (Popup, 3S)
Batting: RHB Lorenzo Guzmán 0-0: Ball
1-0: SINGLE (Groundball, 4M)
Batting: RHB Juan Vareas 0-0: Ball
1-0: Ball
Wild Pitch!
Lorenzo Guzmán to second
2-0: 2-RUN HOME RUN (Line Drive, 7D), Distance : 366 ft
Batting: LHB Jeff McKinney 0-0: Ball
1-0: Swinging Strike
1-1: Foul Ball, location: 2F
1-2: Fly out, F9 (Line Drive, 9S)
Top of the 5th over - 2 run(s), 3 hit(s), 0 error(s), 0 left on base; West Palm 3 - Montgomery 0
BOTTOM OF THE 5TH
Montgomery Biscuits batting - Pitching for West Palm Reds : RHP Manabu Mizuno
Batting: RHB Vicente Carona 0-0: Foul Ball, location: 2F
0-1: Foul Ball, location: 2F
0-2: Ball
1-2: Ball
2-2: Strikes out swinging
Batting: RHB Pete Smith 0-0: Called Strike
0-1: Foul Ball, location: 2F
0-2: Foul Ball, location: 2F
0-2: Ball
1-2: Ground out 4-3 (Groundball, 4M)
Batting: SHB Andrew Curran 0-0: Swinging Strike
0-1: Foul Ball, location: 2F
0-2: Ball
1-2: Strikes out looking
Bottom of the 5th over - 0 run(s), 0 hit(s), 0 error(s), 0 left on base; West Palm 3 - Montgomery 0
TOP OF THE 6TH
West Palm Reds batting - Pitching for Montgomery Biscuits : RHP Mitch Brown
Batting: SHB Todd Smith 0-0: Called Strike
0-1: Ball
1-1: Ball
2-1: SINGLE (Groundball, 56)
Batting: RHB Jack Ray 0-0: Ball
1-0: TRIPLE (Line Drive, 89D)
Todd Smith scores
Batting: LHB Jeff Doss 0-0: Intentional Walk
Batting: LHB Ezechiele Bruno 0-0: Ball
1-0: Called Strike
1-1: Swinging Strike
1-2: Foul Ball, location: 2F
1-2: TRIPLE (Flyball, 78XD)
Jack Ray scores
Jeff Doss scores
Pitching: LHP Steve Billington
Batting: LHB Bob Martin 0-0: DOUBLE (Flyball, 89D)
Ezechiele Bruno scores
Batting: RHB Alejandro Martínez 0-0: Swinging Strike
0-1: Foul Ball, location: 2F
0-2: Ball
1-2: Strikes out swinging
Batting: RHB Lorenzo Guzmán 0-0: Ball
1-0: Called Strike
1-1: Called Strike
1-2: Ball
2-2: Foul Ball, location: 2F
2-2: Foul Ball, location: 2F
2-2: Ground out 6-3 (Groundball, 6D)
Batting: RHB Juan Vareas 0-0: Ball
1-0: Fly out, F8 (Flyball, 8LM)
Top of the 6th over - 4 run(s), 4 hit(s), 0 error(s), 1 left on base; West Palm 7 - Montgomery 0
BOTTOM OF THE 6TH
Montgomery Biscuits batting - Pitching for West Palm Reds : RHP Manabu Mizuno
Batting: RHB Larry Mitchell 0-0: SINGLE (Line Drive, 4MD)
Batting: RHB Juan Flores 0-0: Called Strike
0-1: Fly out, F9 (Line Drive, 9M)
Batting: RHB Gabriel Miranda 0-0: Foul Ball, location: 2F
0-1: Ball
1-1: Called Strike
1-2: Ball
2-2: Ball
3-2: SINGLE (Line Drive, 6D)
Larry Mitchell to second
Batting: RHB Orlando Sánchez 0-0: Ball
1-0: Grounds into double play, 4-6-3 (Groundball, 4)
Bottom of the 6th over - 0 run(s), 2 hit(s), 0 error(s), 1 left on base; West Palm 7 - Montgomery 0
TOP OF THE 7TH
West Palm Reds batting - Pitching for Montgomery Biscuits : LHP Steve Billington
Batting: LHB Jeff McKinney 0-0: Called Strike
0-1: Swinging Strike
0-2: Strikes out swinging
Batting: SHB Todd Smith 0-0: Foul Ball, location: 2F
0-1: Fly out, F4 (Popup, 4D)
Batting: RHB Jack Ray 0-0: Called Strike
0-1: Foul Ball, location: 2F
0-2: SINGLE (Flyball, 8RS)
Batting: LHB Jeff Doss 0-0: Ball
1-0: Called Strike
1-1: Foul Ball, location: 2F
1-2: Foul Ball, location: 2F
1-2: Strikes out swinging
Top of the 7th over - 0 run(s), 1 hit(s), 0 error(s), 1 left on base; West Palm 7 - Montgomery 0
BOTTOM OF THE 7TH
Montgomery Biscuits batting - Pitching for West Palm Reds : RHP Manabu Mizuno
Batting: LHB Ben Kelley 0-0: Ball
1-0: Ball
2-0: Ball
3-0: Base on Balls
Batting: RHB Jean-Paul St-Pierre 0-0: Called Strike
0-1: 2-RUN HOME RUN (Line Drive, 78XD), Distance : 424 ft
Batting: RHB Vicente Carona 0-0: Fly out, F6 (Popup, 6)
Batting: RHB Pete Smith 0-0: Fly out, F8 (Flyball, 8RD)
Batting: SHB Andrew Curran 0-0: Called Strike
0-1: Ball
1-1: SINGLE (Line Drive, 8RS)
Batting: RHB Larry Mitchell 0-0: Fly out, F9 (Flyball, 89D)
Bottom of the 7th over - 2 run(s), 2 hit(s), 0 error(s), 1 left on base; West Palm 7 - Montgomery 2
TOP OF THE 8TH
West Palm Reds batting - Pitching for Montgomery Biscuits : LHP Steve Billington
Batting: LHB Ezechiele Bruno 0-0: Ball
1-0: Foul Ball, location: 2F
1-1: Swinging Strike
1-2: Strikes out looking
Batting: LHB Bob Martin 0-0: Ball
1-0: SINGLE (Line Drive, 6D)
Pitching: LHP Trevor Nichols
Batting: RHB Alejandro Martínez 0-0: Ball
1-0: Called Strike
1-1: Ball
2-1: Foul Ball, location: 2F
2-2: Fly out, F6 (Popup, 56)
Batting: RHB Lorenzo Guzmán 0-0: Foul Ball, location: 2F
0-1: 2-RUN HOME RUN (Flyball, 7LD), Distance : 342 ft
Batting: RHB Juan Vareas 0-0: Called Strike
0-1: SINGLE (Line Drive, 34D)
Batting: LHB Jeff McKinney 0-0: Called Strike
0-1: Ball
1-1: Foul Ball, location: 2F
1-2: Ball
2-2: Foul Ball, location: 2F
2-2: DOUBLE (Line Drive, 9LM)
Juan Vareas to third
Runner from 3rd tries for Home, SAFE, no throw or cutoff
Pinch Runner at 2nd Carlos García:
Batting: SHB Todd Smith 0-0: Called Strike
0-1: SINGLE (Groundball, 56D)
Carlos García to third
Runner from 3rd tries for Home, SAFE, no throw or cutoff
Pitching: RHP Ángel Ávila
Batting: RHB Jack Ray 0-0: Called Strike
Todd Smith steals 2nd base
0-1: Ball
1-1: Foul Ball, location: 2F
1-2: SINGLE (Line Drive, 7S)
Todd Smith to third
Runner from 3rd tries for Home, SAFE, no throw or cutoff
Batting: LHB Jeff Doss 0-0: Ball
1-0: Fielders Choice at 2nd, U6 (Groundball, 6M)
Top of the 8th over - 5 run(s), 6 hit(s), 0 error(s), 1 left on base; West Palm 12 - Montgomery 2
BOTTOM OF THE 8TH
Montgomery Biscuits batting - Pitching for West Palm Reds : RHP Manabu Mizuno
Pitching: RHP Carlos Gonzáles
Now in CF: Jermaine Carter
Batting: RHB Juan Flores 0-0: Ball
1-0: Ball
2-0: SINGLE (Groundball, 4MD)
Batting: RHB Gabriel Miranda 0-0: Ball
1-0: SINGLE (Line Drive, 89S)
Juan Flores to second
Runner from 2nd tries for 3rd, SAFE, throw made to third
Batting: RHB Orlando Sánchez 0-0: Ball
1-0: SINGLE (Line Drive, 7S)
Juan Flores scores
Gabriel Miranda to second
Batting: LHB Ben Kelley 0-0: Ball
1-0: Foul Ball, location: 2F
1-1: Ball
2-1: Foul Ball, location: 2F
2-2: Foul Ball, location: 2F
2-2: 3-RUN HOME RUN (Flyball, 9D), Distance : 378 ft
Pitching: RHP Dave Woods
Batting: RHB Jean-Paul St-Pierre 0-0: Foul Ball, location: 2F
0-1: Ground out 6-3 (Groundball, 6)
Batting: RHB Vicente Carona 0-0: Called Strike
0-1: Ball
1-1: Called Strike
1-2: Strikes out swinging
Batting: RHB Pete Smith 0-0: Ball
1-0: Ball
2-0: Foul Ball, location: 2F
2-1: Swinging Strike
2-2: Ground out 1-3 (Groundball, 13)
Bottom of the 8th over - 4 run(s), 4 hit(s), 0 error(s), 0 left on base; West Palm 12 - Montgomery 6
TOP OF THE 9TH
West Palm Reds batting - Pitching for Montgomery Biscuits : RHP Ángel Ávila
Batting: LHB Ezechiele Bruno 0-0: Called Strike
0-1: Ball
1-1: Foul Ball, location: 2F
1-2: Foul Ball, location: 2F
1-2: Ball
2-2: Foul Ball, location: 2F
2-2: Foul Ball, location: 2F
2-2: Strikes out swinging
Batting: LHB Bob Martin 0-0: Swinging Strike
0-1: Ground out 4-3 (Groundball, 4)
Batting: RHB Alejandro Martínez 0-0: Called Strike
0-1: Ball
1-1: Ball
2-1: Ball
3-1: Base on Balls
Batting: RHB Lorenzo Guzmán 0-0: Ball
1-0: Ball
2-0: Foul Ball, location: 2F
2-1: Called Strike
2-2: Strikes out swinging
Top of the 9th over - 0 run(s), 0 hit(s), 0 error(s), 1 left on base; West Palm 12 - Montgomery 6
BOTTOM OF THE 9TH
Montgomery Biscuits batting - Pitching for West Palm Reds : RHP Dave Woods
Now at 1B: Félix García
Batting: SHB Andrew Curran 0-0: Called Strike
0-1: Ball
1-1: Ball
2-1: Ground out U3 (Groundball, 3L)
Batting: RHB Larry Mitchell 0-0: Called Strike
0-1: Swinging Strike
0-2: Ball
1-2: SOLO HOME RUN (Flyball, 89XD), Distance : 405 ft
Batting: RHB Juan Flores 0-0: Called Strike
0-1: Foul Ball, location: 2F
0-2: Ball
1-2: Ground out 1-3 (Groundball, 13S)
Batting: RHB Gabriel Miranda 0-0: Ball
1-0: Ball
2-0: SOLO HOME RUN (Flyball, 7LD), Distance : 356 ft
Batting: RHB Orlando Sánchez 0-0: Called Strike
0-1: SINGLE (Groundball, 6MD)
Batting: LHB Ben Kelley 0-0: Ball
1-0: Foul Ball, location: 2F
1-1: Ball
2-1: Swinging Strike
2-2: Fly out, F6 (Popup, 6S)
Bottom of the 9th over - 2 run(s), 3 hit(s), 0 error(s), 1 left on base; West Palm 12 - Montgomery 8
This league is powered by Out of the Park Baseball, the baseball management simulation game for PC, Mac and Linux
Wednesday, December 2nd, 2015 - OOTP Baseball 16.8 Build 38